 Dungeon Crawl Stone Soup version 0.18.1-50-g88ac8fd (webtiles) character file.

154 Ladykiller69 the Shield-Bearer (level 5, -6/42 HPs)
             Began as a Formicid Fighter on Sept 22, 2016.
             Mangled by an ogre
             ... wielding a +0 giant club
              (10 damage)
             ... on level 3 of the Dungeon.
             The game lasted 00:05:43 (2883 turns).

Ladykiller69 the Shield-Bearer (Formicid Fighter)   Turns: 2883, Time: 00:05:44

Health: -6/42      AC:  8    Str: 21    XL:     5   Next: 63%
Magic:  5/5        EV:  8    Int:  8    God:
Gold:   60         SH:  9    Dex: 10    Spells: 0 memorised, 4 levels left

rFire  . . .     SeeInvis +     a - +0 war axe
rCold  . . .     Gourm    .     b - +0 scale mail
rNeg   . . .     Faith    .     c - +0 shield
rPois  .         Spirit   .     (helmet unavailable)
rElec  .         Dismiss  .     o - +0 cloak
rCorr  .         Reflect  .     (no gloves)
SustAt .         Harm     .     (no boots)
MR     .....                    (no amulet)
Stlth  ..........               (no ring)
                                (no ring)

@: not resistant to hostile enchantments, extremely unstealthy
A: permanent stasis, dig shafts and tunnels, four strong arms, antennae 3
a: Dig, Shaft Self


You were on level 3 of the Dungeon.
You were not hungry.

You visited 1 branch of the dungeon, and saw 3 of its levels.

You collected 60 gold pieces.

Inventory:

Hand Weapons
 a - a +0 war axe (weapon)
Missiles
 m - a tomahawk (quivered)
Armour
 b - a +0 scale mail (worn)
 c - a +0 shield (worn)
 o - a +0 cloak (worn)
Scrolls
 h - 2 scrolls of blinking {unknown}
 j - a scroll of fear {unknown}
 l - a scroll of teleportation {unknown}
 n - a scroll of remove curse {unknown}
 q - a scroll of immolation {unknown}
 r - a scroll of identify {unknown}
Potions
 d - 2 potions of might
 e - a potion of ambrosia {unknown}
 g - a potion of beneficial mutation {unknown}
 i - 2 potions of curing {unknown}
 s - a potion of magic {unknown}
Comestibles
 f - 4 bread rations
 k - a beef jerky


   Skills:
 - Level 4.0 Fighting
 * Level 3.7 Axes
 - Level 4.0 Armour
 + Level 4.7 Shields


You had 4 spell levels left.
You didn't know any spells.

Dungeon Overview and Level Annotations

Branches:
Dungeon (3/15)

Altars:
Dithmenos
Elyvilon
Makhleb
Pakellas
Vehumet
The Shining One


Innate Abilities, Weirdness & Mutations

You are under a permanent stasis effect.
You can dig through walls and to a lower floor.
Your four strong arms can wield two-handed weapons with a shield.
You have a pair of large antennae on your head (SInv).


Message History

Throwing (i - inventory):
m - 2 tomahawks (quivered)
Press: ? - help, Shift-Dir - straight line, f/p - ogre
Aim: an ogre, wielding a giant club You throw a tomahawk.
The tomahawk hits the ogre.
The ogre is lightly wounded.
The ogre hits you with a giant club!!
You slash the ogre!
The ogre is heavily wounded.
You block the ogre's attack.
You barely miss the ogre.
The ogre is heavily wounded.
The ogre hits you with a giant club!!
* * * LOW HITPOINT WARNING * * *
You slash the ogre!
The ogre is severely wounded.
You block the ogre's attack.
You hit the ogre.
The ogre is severely wounded.
The ogre hits you with a giant club!
You die...

#. # #..#...# ##.## #
#### #.##.###.## #...#
#..... ## #.....#...#
##..)########..# ..
..........
...............# .#
#####....##
.###.###.)<....###.#
#..........
####.###...###.....#
#.###...###
#..........#####..#####.
##.## #
####.###......(O@.......
#.# # #
#.O.####.#####..######
#.# # # #...# #.# #....#
#.# # ###...####O#
##.#.# #.# #
≈........#.######.#.#
#.# #
≈......O........#.# #
#.# #
.........###>##.#....
..# # .##...#### #.#
.###.# #
......)#####.##.###.# #


You could see an ogre.

Vanquished Creatures
  Crazy Yiuf (D:2)
  Jessica (D:2)
  Robin (D:2)
  2 adders (D:2)
  A worm (D:2)
  2 dart slugs (D:1)
  A ball python (D:3)
  5 giant cockroaches
  15 goblins
  8 hobgoblins
  4 jackals (D:3)
  7 kobolds
  4 bats
  3 giant newts
  3 rats
58 creatures vanquished.

Notes
Turn   | Place    | Note
--------------------------------------------------------------
     0 | D:1      | Ladykiller69 the Formicid Fighter began the quest for the Orb.
     0 | D:1      | Reached XP level 1. HP: 18/18 MP: 1/1
   248 | D:1      | Reached XP level 2. HP: 24/24 MP: 2/2
   859 | D:2      | Reached XP level 3. HP: 26/30 MP: 3/3
   897 | D:2      | Noticed Robin
   904 | D:2      | Found a white marble altar of Elyvilon.
   950 | D:2      | Killed Robin
   950 | D:2      | Reached XP level 4. HP: 25/37 MP: 4/4
  1006 | D:2      | Noticed Jessica
  1007 | D:2      | Noticed an ogre
  1130 | D:2      | Killed Jessica
  1425 | D:2      | Found a glowing golden altar of the Shining One.
  1559 | D:2      | Found an oddly glowing altar of Pakellas.
  1582 | D:2      | Reached XP level 5. HP: 42/42 MP: 5/5
  1914 | D:2      | Noticed Crazy Yiuf
  1923 | D:2      | Killed Crazy Yiuf
  2645 | D:3      | Found a shadowy altar of Dithmenos.
  2677 | D:3      | Found a radiant altar of Vehumet.
  2828 | D:3      | Found a burning altar of Makhleb.
  2883 | D:3      | Mangled by an ogre

Skill      XL: |  1  2  3  4  5 |
---------------+----------------+-----
Fighting       | 4 |  4.0
Shields        | 4 |  4.7
Axes           | 3 |  3.7
Armour         | 4 |  4.0

Action                   |  1- 3 |  4- 6 || total
-------------------------+-------+-------++-------
Melee: War axe           |    94 |   103 ||   197
Throw: Tomahawk          |       |     3 ||     3
 Abil: Dig               |     1 |     1 ||     2
  Eat: Chunk             |       |     7 ||     7
Armor: Scale mail        |    42 |    38 ||    80
Dodge: Dodged            |    30 |    42 ||    72
Block: Shield            |    56 |    56 ||   112
